 Dungeon Crawl Stone Soup version 0.27-a0-103-g6cd7b45605 (webtiles) character file.

Game seed: 14818515147186616678

2466 mortress the Insei (level 9, -16/68 HPs)
             Began as a Gnoll Transmuter on Jan 22, 2021.
             Was an Initiate of Gozag.
             Demolished by an ogre
             ... wielding a +0 giant club
              (20 damage)
             ... on level 7 of the Dungeon.
             The game lasted 00:31:46 (8950 turns).

mortress the Insei (Gnoll Transmuter)               Turns: 8950, Time: 00:31:46

Health: -16/68     AC:  7    Str: 12    XL:     9   Next: 51%
Magic:  19/19      EV: 16    Int: 19    God:    Gozag
Gold:   1442       SH:  0    Dex: 16    Spells: 15/21 levels left

rFire    + . .     SeeInvis .   e - +3 dagger (venom)
rCold    + . .     Faith    .   (no shield)
rNeg     . . .     Spirit   .   u - +1 leather armour {rF+}
rPois    .         Reflect  .   j - +1 helmet
rElec    .         Harm     .   a - scarf {+Inv}
rCorr    .         Rampage  .   (no gloves)
Will     .....                  d - +0 pair of boots (curse)
Stlth    +++.......             (no amulet)
HPRegen  0.21/turn              p - ring of protection from cold
MPRegen  0.16/turn              (no ring)

@: gold aura
A: distributed training, fangs 1, strong nose
a: Renounce Religion, Evoke Invisibility, Potion Petition, Call Merchant, Bribe
Branch


You were on level 7 of the Dungeon.
You worshipped Gozag.
Gozag was most pleased with you.
You visited 1 branch of the dungeon, and saw 8 of its levels.
You also visited: Sewer.

You collected 1483 gold pieces.
You paid 41 gold pieces to Gozag.

Inventory:

Hand Weapons
 e - a +3 dagger of venom (weapon)
Missiles
 h - 59 poisoned darts (quivered)
 v - 51 arrows
Armour
 a - a scarf of invisibility (worn)
 d - a cursed +0 pair of boots (worn)
 j - a +1 helmet (worn)
 u - a +1 leather armour of fire resistance (worn)
Jewellery
 p - a ring of protection from cold (left hand)
Scrolls
 b - 6 scrolls of identify
 f - a scroll of fog
 m - 2 scrolls of remove curse
 r - 2 scrolls of teleportation
Potions
 c - 4 potions of degeneration
 g - a potion of resistance
 i - 4 potions of flight
 l - 2 potions of brilliance
 n - a potion of might
 o - a potion of curing
 q - 2 potions of ambrosia
 s - a potion of lignification


   Skills:
 + Level 5.1 Fighting
 + Level 4.3 Short Blades
 + Level 4.3 Long Blades
 + Level 4.3 Axes
 + Level 4.3 Maces & Flails
 + Level 4.3 Polearms
 + Level 4.3 Staves
 + Level 4.3 Slings
 + Level 4.3 Bows
 + Level 4.3 Crossbows
 + Level 4.3 Throwing
 + Level 4.3 Armour
 + Level 6.3 Dodging
 + Level 4.3 Stealth
 + Level 4.3 Shields
 + Level 7.9 Unarmed Combat
 + Level 6.7 Spellcasting
 + Level 3.5 Conjurations
 + Level 3.5 Hexes
 + Level 3.5 Summonings
 + Level 3.5 Necromancy
 + Level 3.5 Translocations
 + Level 5.2 Transmutations
 + Level 3.5 Fire Magic
 + Level 3.5 Ice Magic
 + Level 3.5 Air Magic
 + Level 3.5 Earth Magic
 + Level 3.5 Poison Magic
 + Level 4.7 Invocations
 + Level 4.3 Evocations


You had 15 spell levels left.
You knew the following spells:

 Your Spells              Type           Power        Failure   Level
a - Beastly Appendage     Tmut           52%          1%          1
b - Wereblood             Tmut           26%          2%          2
c - Spider Form           Tmut/Pois      11%          6%          3

Your spell library contained the following spells:

 Spells                   Type           Power        Failure   Level
 Foxfire                  Conj/Fire      76%          3%          1
 Conjure Flame            Conj/Fire      19%          10%         3
 Inner Flame              Hex/Fire       19%          10%         3
 Ice Form                 Ice/Tmut       23%          22%         4
 Sticky Flame             Conj/Fire      19%          30%         4
 Blade Hands              Tmut           13%          38%         5
 Fireball                 Conj/Fire      9%           65%         5


Dungeon Overview and Level Annotations

Branches:
Dungeon (8/15)             Temple (0/1) D:6           Sewer (visited)
   Lair: D:8-11

Altars:
Ashenzari
Cheibriados
Dithmenos
Elyvilon
Fedhas
Gozag
Makhleb
Nemelex Xobeh
Ru
Wu Jian
Xom


Innate Abilities, Weirdness & Mutations

Your experience applies equally to all skills.
You have very sharp teeth.
Your uncanny sense of smell can sniff out nearby items.


Message History

The ogre is moderately wounded.
The ogre misses you.
You barely miss the ogre.
The ogre is heavily wounded.
You hit the ogre.
The ogre is heavily wounded.
The ogre hits you with a +0 giant club!
* * * LOW HITPOINT WARNING * * *
Unknown command.
You barely miss the ogre.
The ogre is heavily wounded.
The ogre misses you.
You hit the ogre.
The ogre looks as sick as possible!
Your punch misses the ogre.
The ogre is severely wounded.
You hit the ogre.
The ogre is almost dead.
The ogre hits you with a +0 giant club!!
You die...
Your body crumbles into a pile of gold.

..........#
..........#
..........#
..........#
..........#
........))########
.................#
.................#
............$..O@#
.................#
.................#
.................#
.................#
##################


You could see an ogre (extremely poisoned).

Vanquished Creatures
  A two-headed ogre (D:7)
  2 ice beasts (D:7)
  A black bear (D:7)
  2 ogres
  4 centaurs
  A bullfrog (D:6)
  4 wights
  An electric eel (D:7)
  A howler monkey (D:6)
  A jelly (D:6)
  2 hounds
  A bullfrog skeleton (D:2)
  3 orc priests
  An orc wizard (D:7)
  Jessica (D:3)
  An iguana (D:4)
  A worker ant (D:4)
  A merfolk siren (Sewer)
  A merfolk avatar (Sewer)
  2 hound skeletons (D:4)
  5 gnolls
  A howler monkey skeleton (D:4)
  13 adders
  4 river rats
  A shadow imp (D:7)
  A white imp (D:7)
  An ooze (D:1)
  An adder skeleton (D:6)
  4 worms
  5 dart slugs
  2 leopard geckos
  21 orcs
  3 ball pythons
  7 giant cockroaches
  8 goblins
  8 hobgoblins
  6 jackals (D:2)
  8 kobolds
  3 quokkas
  8 bats
  8 frilled lizards
  A leopard gecko skeleton (D:4)
  32 rats
183 creatures vanquished.

Notes
Turn   | Place    | Note
-------+----------+-------------------------------------------
     0 | D:1      | mortress the Gnoll Transmuter began the quest for the Orb.
     0 | D:1      | Reached XP level 1. HP: 17/17 MP: 6/6
   153 | D:1      | Reached XP level 2. HP: 22/23 MP: 5/7
   266 | D:1      | Learned a level 2 spell: Wereblood
   524 | D:1      | Reached XP level 3. HP: 28/28 MP: 9/9
   659 | D:1      | Reached skill level 5 in Spellcasting
   767 | D:1      | Reached skill level 1 in Invocations
   778 | D:1      | HP: 1/28 [poisoned by an adder]
  1193 | D:2      | Found an opulent altar of Gozag.
  1201 | D:2      | Became a worshipper of Gozag Ym Sagoz the Greedy
  1243 | D:2      | Reached skill level 1 in Short Blades
  1243 | D:2      | Reached skill level 1 in Long Blades
  1243 | D:2      | Reached skill level 1 in Axes
  1243 | D:2      | Reached skill level 1 in Maces & Flails
  1243 | D:2      | Reached skill level 1 in Polearms
  1243 | D:2      | Reached skill level 1 in Staves
  1243 | D:2      | Reached skill level 1 in Slings
  1243 | D:2      | Reached skill level 1 in Bows
  1243 | D:2      | Reached skill level 1 in Crossbows
  1243 | D:2      | Reached skill level 1 in Throwing
  1243 | D:2      | Reached skill level 1 in Armour
  1243 | D:2      | Reached skill level 1 in Stealth
  1243 | D:2      | Reached skill level 1 in Shields
  1243 | D:2      | Reached skill level 1 in Evocations
  1250 | D:2      | Reached XP level 4. HP: 32/34 MP: 11/11
  1416 | D:2      | Found an opulent altar of Gozag.
  1416 | D:2      | Found a sparkling altar of Nemelex Xobeh.
  1505 | D:2      | Reached skill level 1 in Conjurations
  1505 | D:2      | Reached skill level 1 in Hexes
  1505 | D:2      | Reached skill level 1 in Summonings
  1505 | D:2      | Reached skill level 1 in Necromancy
  1505 | D:2      | Reached skill level 1 in Translocations
  1505 | D:2      | Reached skill level 1 in Fire Magic
  1505 | D:2      | Reached skill level 1 in Ice Magic
  1505 | D:2      | Reached skill level 1 in Air Magic
  1505 | D:2      | Reached skill level 1 in Earth Magic
  1505 | D:2      | Reached skill level 1 in Poison Magic
  1714 | D:2      | Found a snail-covered altar of Cheibriados.
  1991 | D:3      | Reached XP level 5. HP: 14/40 MP: 10/12
  2248 | D:3      | Found an ornate altar of the Wu Jian Council.
  2347 | D:3      | Noticed Jessica
  2353 | D:3      | Killed Jessica
  2504 | D:3      | Reached XP level 6. HP: 47/47 MP: 13/13
  2947 | D:4      | Reached skill level 5 in Dodging
  2972 | D:4      | Found a white marble altar of Elyvilon.
  3044 | D:4      | Found a blossoming altar of Fedhas.
  3082 | D:4      | Found a shimmering altar of Xom.
  3192 | D:4      | Reached XP level 7. HP: 20/52 MP: 15/15
  3233 | D:4      | HP: 1/52 [worm (11)]
  3475 | D:4      | Found a glowing drain.
  3482 | Sewer    | Entered a sewer
  3747 | Sewer    | Reached skill level 7 in Unarmed Combat
  5327 | D:5      | Entered Level 5 of the Dungeon
  5803 | D:5      | Learned a level 3 spell: Spider Form
  6167 | D:6      | Reached XP level 8. HP: 32/60 MP: 14/16
  6355 | D:6      | Found a broken altar of Ashenzari.
  6376 | D:6      | Found a staircase to the Ecumenical Temple.
  6806 | D:6      | Found a sacrificial altar of Ru.
  6944 | D:6      | Found a burning altar of Makhleb.
  6944 | D:6      | Found a shadowy altar of Dithmenos.
  8018 | D:7      | Reached skill level 5 in Transmutations
  8018 | D:7      | Reached XP level 9. HP: 36/55 MP: 18/18
  8639 | D:7      | Found a sparkling altar of Nemelex Xobeh.
  8897 | D:8      | Noticed a two-headed ogre
  8938 | D:7      | Killed a two-headed ogre
  8939 | D:7      | Reached skill level 5 in Fighting
  8950 | D:7      | Demolished by an ogre

Illustrated notes

Levels and vault maps discovered:
D:1:      tarquinn_simple_flora_water_e, layout_rooms
D:2:      layout_basic, grunt_temple_overflow_opulence,
          overflow_temple_1_default, grunt_decor_one_mirror,
          nicolae_gozag_cash_rules_everything_around_me
D:3:      layout_rooms, nzn_wu_jian_contemplation, kennysheep_another_room,
          uniq_jessica
D:4:      layout_loops_corners, fedhas_altar_2, nicolae_overflow_crystal_walls,
          lemuel_crystal_altar, serial_glass, glass_columns_a, glass_columns_a,
          lightli_sewer_entry_pipes
D:5:      layout_basic
D:6:      layout_cave_pools, ashenzari_altar_1, nicolae_ru_the_path_less_chosen,
          gammafunk_temple_overflow_pools, minmay_temple_entry_stoned_glass
D:7:      layout_gridville, basic_altar, minmay_crystal_water,
          hangedman_decor_points
D:8:      layout_loops_ring, lemuel_round_altar, erik_lair_island,
          hangedman_abyss_or_decor_passed, kennysheep_generic_room_11

Skill      XL: |  1  2  3  4  5  6  7  8  9 |
---------------+----------------------------+-----
Spellcasting   | 5 6 |  6.7
Invocations    | 1 2 3 4 |  4.7
Short Blades   | 1 2 3 4 |  4.3
Long Blades    | 1 2 3 4 |  4.3
Axes           | 1 2 3 4 |  4.3
Maces & Flails | 1 2 3 4 |  4.3
Polearms       | 1 2 3 4 |  4.3
Staves         | 1 2 3 4 |  4.3
Slings         | 1 2 3 4 |  4.3
Bows           | 1 2 3 4 |  4.3
Crossbows      | 1 2 3 4 |  4.3
Throwing       | 1 2 3 4 |  4.3
Armour         | 1 2 3 4 |  4.3
Stealth        | 1 2 3 4 |  4.3
Shields        | 1 2 3 4 |  4.3
Evocations     | 1 2 3 4 |  4.3
Conjurations   | 1 2 3 |  3.5
Hexes          | 1 2 3 |  3.5
Summonings     | 1 2 3 |  3.5
Necromancy     | 1 2 3 |  3.5
Translocations | 1 2 3 |  3.5
Fire Magic     | 1 2 3 |  3.5
Ice Magic      | 1 2 3 |  3.5
Air Magic      | 1 2 3 |  3.5
Earth Magic    | 1 2 3 |  3.5
Poison Magic   | 1 2 3 |  3.5
Fighting       | 3 4 5 |  5.1
Transmutations | 4 5 |  5.2
Dodging        | 5 6 |  6.3
Unarmed Combat | 7 |  7.9

Action                   |  1- 3 |  4- 6 |  7- 9 || total
-------------------------+-------+-------+-------++-------
Melee: Dagger            |    75 |   174 |   360 ||   609
       Unarmed           |     5 |       |       ||     5
       Kick              |     7 |    13 |    31 ||    51
       Bite              |     2 |    15 |    34 ||    51
       Headbutt          |     1 |     7 |    21 ||    29
       Punch             |     1 |     6 |    16 ||    23
Throw: Dart              |       |       |    18 ||    18
 Cast: Beastly Appendage |     5 |     6 |    14 ||    25
       Wereblood         |     2 |     5 |     5 ||    12
       Spider Form       |       |       |     1 ||     1
  Use: Scroll            |       |       |    14 ||    14
       Potion            |       |       |     7 ||     7
 Stab: Sleeping          |     2 |     3 |     7 ||    12
       Distracted        |       |     1 |       ||     1
Armor: Robe              |     7 |    21 |    24 ||    52
       Skin              |       |       |    10 ||    10
       Leather armour    |       |       |    21 ||    21
Dodge: Dodged            |    61 |   101 |   245 ||   407

Table legend: (Time is in decaauts)
 A = Elapsed time spent in this place.
 B = Non-inter-level travel time spent in this place.
 C = Inter-level travel time spent in this place.
 D = Time resting spent in this place.
 E = Time spent auto-exploring this place.
 F = Levels seen in this place.
 G = Mean time per level.
                   A        B        C        D        E       F      G
               +--------+--------+--------+--------+--------+-----+--------+
         Total |   9023 |   8685 |    338 |   2513 |   4010 |   9 | 1002.6 |
       Dungeon |   8177 |   7839 |    338 |   2315 |   3718 |   8 | 1022.1 |
         Sewer |    846 |    846 |      0 |    198 |    291 |   1 |  846.0 |
               +--------+--------+--------+--------+--------+-----+--------+

Top non-repeatable levels by time:
     D:4: 1676 daAuts
     D:7: 1595 daAuts
     D:1: 1064 daAuts
     D:6: 1038 daAuts
     D:5: 966 daAuts
     D:3: 950 daAuts
     D:2: 882 daAuts
   Sewer: 846 daAuts
     D:8: 5 daAuts
